AoeStats
← MeowMe

Arena

508854064Analyzed
3v3 RM · 7d ago on Sep 24, 2026· 40m 39s· 6 players
Game mode
Random Map
Map size
Normal (6 player)
Population
200
Speed
Normal
Resources
Standard
Victory
Conquest
Starting age
Dark Age
Ending age
Imperial Age
RankedLock teamsTeams togetherTeam positionsShared explorationLock speedFull tech treeHidden civsTurbo modeCheats
Victory
Defeat
🇷🇺 Saxons · Russia
1634
+12
🇧🇾 Saxons · Belarus
1578
+14
🇬🇪 Portuguese · Georgia
1469
+19
🇨🇳 Italians · China
1646
-19
🇨🇳 Persians · China
1540
-15
🇭🇰 Cumans · Hong Kong SAR China
1431
-11
大平果是小菜鸡父亲
8:15 Feudal Age
16:21 Double-Bit Axe
17:11 Horse Collar
23:23 Castle Age
21:11 Loom
22:02 Scale Barding Armor
22:10 Gold Mining
22:58 Bloodlines
23:49 Wheelbarrow
23:34 Forging
24:29 Heavy Plow
25:09 Iron Casting
25:44 Chain Barding Armor
26:29 Hand Cart
27:19 Town Watch
33:30 Imperial Age
31:23 Light Cavalry
32:06 Devotion
33:13 Stone Mining
33:02 Capped Ram
35:35 Plate Barding Armor
34:22 Elite Steppe Lancer
36:14 Crop Rotation
35:56 Bow Saw
35:36 Cavalier
36:12 Hussar
40:12 Blast Furnace
38:55 Siege Ram
大山鸡
10:29 Feudal Age
14:25 Castle Age
12:20 Double-Bit Axe
12:17 Horse Collar
18:26 Loom
18:27 Town Watch
25:42 Wheelbarrow
27:50 Imperial Age
25:57 Scale Barding Armor
26:03 Forging
26:03 Heavy Plow
26:13 Bow Saw
27:01 Chain Barding Armor
27:58 Bloodlines
27:48 Husbandry
28:25 Iron Casting
29:50 Plate Barding Armor
28:54 Cavalier
29:03 Light Cavalry
38:05 Fletching
38:16 Padded Archer Armor
38:12 Elite Skirmisher
渺小的菜鸟
8:08 Feudal Age
12:53 Fletching
14:04 Horse Collar
14:26 Double-Bit Axe
17:41 Loom
22:26 Castle Age
SiraZaika
10:32 Feudal Age
9:10 Loom
12:22 Double-Bit Axe
14:56 Castle Age
12:48 Horse Collar
14:19 Fletching
18:33 Bodkin Arrow
27:53 Imperial Age
26:36 Gold Mining
26:57 Bow Saw
27:36 Padded Archer Armor
27:43 Scale Mail Armor
28:40 Bracer
29:28 Ballistics
30:28 Pikeman
33:34 Chain Mail Armor
32:53 Halberdier
36:07 Conscription
38:24 Forging
40:26 Wheelbarrow
39:39 Town Watch
OLADUSHEK
9:35 Feudal Age
8:33 Loom
13:10 Castle Age
11:20 Double-Bit Axe
12:10 Gold Mining
14:25 Fletching
20:00 Scale Mail Armor
21:52 Chain Mail Armor
23:49 Forging
27:21 Town Watch
28:02 Squires
27:47 Arson
29:34 Sanctity
29:37 Clerical Recruitment
30:56 Wheelbarrow
30:58 Gold Shaft Mining
31:00 Horse Collar
31:50 Bow Saw
37:01 Fortified Wall
38:45 Masonry
38:57 Ballistics
39:30 Treadmill Crane
41:13 Murder Holes
MeowMe
12:18 Feudal Age
16:24 Castle Age
14:39 Double-Bit Axe
14:36 Horse Collar
18:00 Loom
21:16 Wheelbarrow
21:38 Gold Mining
21:49 Stone Mining
23:53 Treadmill Crane
30:02 Imperial Age
28:01 Town Watch
28:44 Ballistics
29:32 Hand Cart
29:18 Town Patrol
31:59 Conscription
32:08 Town Patrol
32:19 Heavy Plow
33:54 Coinage
33:35 Guilds
36:34 Siege Engineers
36:26 Elite Organ Gun
38:30 Bow Saw
39:51 Crop Rotation
40:23 Two-Man Saw
39:41 Fortified Wall
40:31 Chemistry
39:27 Murder Holes
39:43 Masonry
41:44 Banking
Connection lost

Rejoining the realm…

Still unreachable

The connection could not be restored.

Session expired

The server has moved on; the page needs a fresh start.